 Dungeon Crawl Stone Soup version 0.14.0-12-g87ee3b7 (webtiles) character file.

24824 Leibowitz the Spry (level 13, -1/104 HPs)
             Began as a Merfolk Gladiator on Apr 16, 2014.
             Was the Champion of Okawaru.
             Succumbed to a sea snake's poison
             ... on Level 3 of the Lair of Beasts on Apr 17, 2014.
             The game lasted 01:30:57 (22115 turns).

Leibowitz the Spry (Merfolk Gladiator)             Turns: 22115, Time: 01:30:58

HP  -1/104       AC  7     Str 15      XL: 13   Next: 11%
MP  14/14        EV 29     Int 10      God: Okawaru [******]
Gold 665         SH  0     Dex 21 (22) Spells:  0 memorised, 12 levels left

rFire  + . .     SeeInvis .     a - +1 trident
rCold  + . .     Clarity  .     x - +1 robe {rC+ rF+}
rNeg   . . .     Conserve .     (no shield)
rPois  .         rCorr    .     A - +1 hat {Int+3}
rElec  .         rRot     .     (no cloak)
SustAb . .       Spirit   .     (no gloves)
rMut   .         Warding  .     j - +2 pair of boots {run}
Saprov . . .     Stasis   .     (no amulet)
MR     .....                    k - ring of sustenance
                                I - cursed +2 ring of dexterity

@: lethally poisoned, quick, not resistant to hostile enchantments, very
stealthy
A: change form in water, swift swim
a: Heroism, Finesse, Renounce Religion


You were on level 3 of the Lair of Beasts.
You worshipped Okawaru.
Okawaru was exalted by your worship.
You were not hungry.

You visited 4 branches of the dungeon, and saw 16 of its levels.
You also visited: Sewer.

You collected 725 gold pieces.
You spent 60 gold pieces at shops.

Inventory:

Hand weapons
 a - a +1,+1 trident (weapon)
 b - a +0 blowgun
 E - a +6,+1 spear of venom
 F - a +2,+0 bardiche
Missiles
 d - 3 throwing nets (quivered)
 g - 5 needles of confusion
 p - 34 poisoned needles
 C - 13 stones
 K - 8 curare-tipped needles
Armour
 j - a +2 pair of boots of running (worn)
 x - a +1 robe of resistance (worn)
 A - a +1 hat of intelligence (worn)
Magical devices
 r - a wand of teleportation (2)
 t - a wand of confusion (14)
 u - a wand of paralysis (3)
 v - a wand of magic darts (9)
 y - a wand of confusion (12)
 B - a wand of teleportation (2)
 H - a wand of cold (6)
Comestibles
 f - a bread ration
Scrolls
 i - 3 scrolls of teleportation
 m - 14 scrolls of identify
 n - 14 scrolls of remove curse
 o - 3 scrolls of fear
 w - 4 scrolls of recharging
Jewellery
 c - an uncursed ring of sustain abilities
 h - a +1 ring of strength
 k - a ring of sustenance (right hand)
 I - a cursed +2 ring of dexterity (left hand)
 N - an uncursed amulet of stasis
Potions
 q - 3 potions of haste
 s - 2 potions of flight
 D - a potion of agility
 G - a potion of brilliance


   Skills:
 * Level 10.7 Fighting
 + Level 15.1 Polearms
 + Level 4.4 Throwing
 + Level 3.6 Armour
 + Level 17.4 Dodging
 + Level 5.9 Stealth
 + Level 0.4 Evocations


You had 12 spell levels left.
You didn't know any spells.

Dungeon Overview and Level Annotations

Branches:
Dungeon (11/15)            Temple (1/1) D:4             Orc (0/4) D:9
   Lair (3/8) D:11         Shoals (1/5) Lair:3
  Swamp: Lair:3-6     Snake: Lair:3-6    Spider: Lair:3-6

Altars:
Ashenzari
Cheibriados
Dithmenos
Elyvilon
Fedhas
Kikubaaqudgha
Makhleb
Nemelex Xobeh
Okawaru
Sif Muna
Trog
Vehumet
Xom
Yredelemnul
Zin
The Shining One

Shops:
D:4 *   D:7 [

Annotations:
D:9 exclusion: door


Message History

Okay, then.
Evoke which item? (* to show all) (? for menu, Esc to quit)
Zapping:
H - a wand of cold {zapped: 1}
Press: ? - help, Shift-Dir - straight line, f - sea snake
Aim: a sea snake (almost dead)
The bolt of cold hits the sea snake.
You kill the sea snake!
Okawaru accepts your kill.
* * * LOW HITPOINT WARNING * * *
You feel very sick.
There is a lethal amount of poison in your body!
* * * LOW HITPOINT WARNING * * *
You feel sick.
* * * LOW HITPOINT WARNING * * *
You feel very sick.
You see here a sea snake corpse.
You offer a prayer to Okawaru.
The sea snake corpse is consumed in a burst of flame.
Okawaru is exalted by your worship.
You die...

#.## #..# #.### #.## #...#
#..# #.### ##.## ### #..#
#P.# ### #.########
##.P######.###.#####.....#.##
#...##..#..#...#...........f#
##...........>...#.#..###fff#
#######f....@...###### ##..##
####..#...#########.###
#.............#.....
###.####.##...#.f#P. ###
#####........ ###.#..##
######


There were no monsters in sight!

Vanquished Creatures
  Gastronok (Lair:2)
  Fannar (Lair:3)
  A hydra (Lair:2)
  A sea snake (Lair:3)
  A hill giant (D:11)
  3 harpies (Shoals:1)
  3 manticores (Lair:3)
  2 griffons
  A cyclops (D:11)
  A spiny frog (Lair:3)
  A centaur zombie (D:11)
  5 giant fireflies (Lair:1)
  A merfolk (Shoals:1)
  A two-headed ogre (D:10)
  Sonja (D:11)
  3 komodo dragons
  9 blink frogs (Lair:3)
  2 basilisks
  A grizzly bear (Lair:2)
  A wyvern (D:10)
  4 ugly things (D:11)
  16 yaks
  2 deep elf magi (D:11)
  10 hippogriffs
  A necrophage (D:11)
  A deep elf fighter (D:11)
  A shark (Lair:3)
  3 water moccasins
  3 porcupines
  2 black bears
  2 orc warriors
  2 sky beasts
  2 ice beasts
  4 ogres
  3 giant goldfish (Lair:3)
  2 phantoms
  A boring beetle (Lair:3)
  11 big kobolds
  4 centaurs
  8 crocodiles
  Blork the orc (D:5)
  5 giant slugs
  7 giant frogs
  4 scorpions
  A jelly (D:9)
  2 eyes of draining
  7 killer bees
  A hippogriff skeleton (D:9)
  A troll skeleton (D:9)
  A spriggan skeleton (D:9)
  5 wights
  An electric eel (Lair:3)
  A goliath beetle (D:11)
  3 crimson imps
  8 hounds
  A centaur skeleton (D:9)
  2 orc wizards
  7 worker ants
  An elf skeleton (D:10)
  11 iguanas
  An ogre zombie (D:7)
  4 sheep (Lair:3)
  20 adders
  17 green rats
  5 giant mites
  7 worms
  2 adder skeletons
  3 giant geckos
  4 oozes
  25 orcs
  7 giant cockroaches
  15 goblins
  21 hobgoblins
  21 jackals
  33 bats
  8 giant newts
  4 giant spores
  30 kobolds
  8 quokkas
  22 rats
  21 ballistomycetes
  A fungus (Lair:2)
471 creatures vanquished.

Vanquished Creatures (others)
  A giant spore (D:9)
  6 fungi (Lair:3)
7 creatures vanquished.

Grand Total: 478 creatures vanquished

Notes
Turn   | Place    | Note
--------------------------------------------------------------
     0 | D:1      | Leibowitz, the Merfolk Gladiator, began the quest for the Orb.
     0 | D:1      | Reached XP level 1. HP: 16/16 MP: 1/1
   105 | D:1      | Reached XP level 2. HP: 12/22 MP: 2/2
   233 | D:1      | Identified a +2 pair of boots of running (You found it on level 1 of the Dungeon)
   636 | D:2      | Reached XP level 3. HP: 28/28 MP: 3/3
   789 | D:2      | Reached skill level 5 in Polearms
   877 | D:2      | Reached skill level 5 in Dodging
  1280 | D:2      | Reached XP level 4. HP: 34/34 MP: 4/4
  1375 | D:2      | Found a shimmering altar of Xom.
  1378 | D:2      | Found a white marble altar of Elyvilon.
  1381 | D:2      | Found a shattered altar of Ashenzari.
  1778 | D:3      | Paralysed by a potion of paralysis for 7 turns
  1890 | D:3      | Found a bloodstained altar of Trog.
  1893 | D:3      | Found a basalt altar of Yredelemnul.
  2159 | D:4      | Reached skill level 1 in Armour
  2159 | D:4      | Reached XP level 5. HP: 32/41 MP: 5/5
  2265 | D:4      | Found a glowing drain.
  2269 | Sewer    | Entered a sewer
  2419 | Sewer    | Reached skill level 1 in Stealth
  2896 | Sewer    | Reached XP level 6. HP: 47/47 MP: 6/6
  3033 | D:4      | Noticed an ogre
  3050 | D:4      | Killed an ogre
  3050 | D:4      | Reached skill level 6 in Polearms
  3144 | D:4      | Found a staircase to the Ecumenical Temple.
  3156 | Temple   | Entered the Ecumenical Temple
  3167 | Temple   | Became a worshipper of Warmaster Okawaru
  3453 | D:4      | Found Pieveoj's Assorted Antiques.
  3473 | D:4      | Bought a scroll labeled BLECWO SKUF for 22 gold pieces
  3473 | D:4      | Bought a slimy cyan potion for 19 gold pieces
  3473 | D:4      | Bought a glowing inky potion for 19 gold pieces
  4039 | D:5      | Entered Level 5 of the Dungeon
  4095 | D:5      | Reached skill level 7 in Dodging
  4095 | D:5      | Reached XP level 7. HP: 30/54 MP: 7/7
  4647 | D:5      | Found a burning altar of Makhleb.
  4655 | D:5      | Noticed Blork the orc
  4668 | D:5      | Killed Blork the orc
  5078 | D:6      | Found a glowing golden altar of the Shining One.
  5090 | D:6      | Acquired Okawaru's first power
  5498 | D:6      | Reached XP level 8. HP: 61/61 MP: 8/8
  5640 | D:6      | Reached skill level 5 in Fighting
  5975 | D:7      | Reached skill level 8 in Dodging
  6303 | D:7      | Found Tautsaur's Armour Emporium.
  6655 | D:7      | Found a shadowy altar of Dithmenos.
  6770 | D:7      | Found a glowing silver altar of Zin.
  6867 | D:7      | Found an ancient bone altar of Kikubaaqudgha.
  6868 | D:7      | Found a blossoming altar of Fedhas.
  6959 | D:7      | Reached skill level 9 in Dodging
  7108 | D:8      | Reached XP level 9. HP: 58/69 MP: 9/9
  7165 | D:8      | Reached skill level 10 in Dodging
  7822 | D:8      | Reached skill level 11 in Dodging
  8398 | D:9      | Found a staircase to the Orcish Mines.
  9081 | D:9      | Reached XP level 10. HP: 10/79 MP: 0/10
  9096 | D:9      | Reached skill level 10 in Polearms
  9411 | D:9      | Reached skill level 12 in Dodging
  9765 | D:9      | Found a blossoming altar of Fedhas.
 11039 | D:10     | Entered Level 10 of the Dungeon
 12171 | D:10     | Acquired Okawaru's second power
 12272 | D:11     | Noticed Sonja
 12273 | D:11     | Killed Sonja
 12273 | D:11     | Reached skill level 13 in Dodging
 12779 | D:11     | Noticed a hill giant
 13334 | D:11     | Reached XP level 11. HP: 75/86 MP: 11/11
 13350 | D:11     | Received a gift from Okawaru
 13532 | D:11     | Found a staircase to the Lair.
 13615 | D:11     | Reached skill level 14 in Dodging
 13849 | D:11     | Killed a hill giant
 14189 | D:11     | Noticed a cyclops
 14211 | D:11     | Killed a cyclops
 14493 | Lair:1   | Entered Level 1 of the Lair of Beasts
 14649 | Lair:1   | Received a gift from Okawaru
 15629 | Lair:2   | You fall through a shaft!
 15733 | Lair:3   | Noticed an eight-headed hydra
 16051 | Lair:2   | Reached skill level 15 in Dodging
 16693 | Lair:2   | Reached XP level 12. HP: 94/96 MP: 12/12
 16706 | Lair:2   | Noticed a five-headed hydra
 16742 | Lair:2   | Killed a five-headed hydra
 17213 | Lair:2   | Received a gift from Okawaru
 17395 | Lair:2   | Noticed Gastronok
 17464 | Lair:2   | Killed Gastronok
 17464 | Lair:2   | Reached skill level 5 in Stealth
 17938 | Lair:3   | Reached skill level 10 in Fighting
 18342 | Lair:3   | Found a staircase to the Shoals.
 18380 | Lair:3   | Reached skill level 16 in Dodging
 19121 | Lair:3   | Noticed Fannar
 19262 | Lair:3   | Killed Fannar
 19802 | Lair:3   | Received a gift from Okawaru
 21225 | Shoals:1 | Entered Level 1 of the Shoals
 21605 | Shoals:1 | Reached skill level 17 in Dodging
 21613 | Shoals:1 | Reached XP level 13. HP: 86/104 MP: 14/14
 21625 | Shoals:1 | Reached skill level 15 in Polearms
 22112 | Lair:3   | HP: 5/104 [poisoned by a sea snake]
 22114 | Lair:3   | HP: 1/104 [poisoned by a sea snake]
 22115 | Lair:3   | Succumbed to a sea snake's poison

Action                   |  1- 3 |  4- 6 |  7- 9 | 10-12 | 13-15 || total
-------------------------+-------+-------+-------+-------+-------++-------
Melee: Trident           |   132 |   290 |   460 |   235 |    35 ||  1152
       Bardiche          |       |       |       |   243 |       ||   243
       Spear             |       |       |       |  1111 |    38 ||  1149
 Fire: Blowgun           |       |       |    11 |    51 |       ||    62
Throw: Dart              |       |     5 |    39 |     1 |       ||    45
       Stone             |       |       |     1 |    14 |       ||    15
Evoke: Wand              |       |     3 |     3 |     3 |     1 ||    10
  Use: Potion            |     3 |     9 |    10 |     3 |     2 ||    27
       Scroll            |     3 |     7 |     2 |    13 |       ||    25
 Stab: Sleeping          |       |     3 |     4 |    21 |       ||    28
       Distracted        |       |       |       |     4 |       ||     4
       Invisible         |       |       |       |     1 |       ||     1
